 Dungeon Crawl Stone Soup version 0.27-a0-1579-g97d2440184 (webtiles) character file.

Game seed: 8395456342002106818

90 Spaninq the Skirmisher (level 4, 0/40 HPs)
             Began as a Draconian Berserker on July 18, 2021.
             Was a Believer of Trog.
             Slain by a black bear (2 damage)
             ... on level 3 of the Dungeon.
             The game lasted 00:03:06 (2193 turns).

Spaninq the Skirmisher (Draconian Berserker)        Turns: 2193, Time: 00:03:07

Health: 0/40       AC:  5    Str: 19 (20) XL:     4   Next: 32%
Magic:  4/4        EV: 12    Int:  6 (8)  God:    Trog [**....]
Gold:   38         SH:  0    Dex:  9 (10) Spells: 3/3 levels left

rFire    . . .     SeeInvis .   a - +0 falchion
rCold    . . .     Faith    .   (no shield)
rNeg     . . .     Spirit   .   (armour unavailable)
rPois    .         Reflect  .   (helmet restricted)
rElec    .         Harm     .   (no cloak)
rCorr    .         Rampage  .   (no gloves)
Will     .....                  (no boots)
Stlth    +.........             (no amulet)
HPRegen  0.13/turn              (no ring)
MPRegen  0.09/turn              (no ring)

@: no status effects
A: AC +5, unfitting armour, cold-blooded
a: Renounce Religion, Berserk, Trog's Hand


You were on level 3 of the Dungeon.
You worshipped Trog.
Trog was pleased with you.
You visited 1 branch of the dungeon, and saw 3 of its levels.

You collected 38 gold pieces.

Inventory:

Hand Weapons
 a - a +0 falchion (weapon)
Missiles
 h - a throwing net (quivered)
Scrolls
 b - 3 scrolls of identify {unknown}
 f - a scroll of teleportation {unknown}
 g - a scroll of torment {unknown}
Potions
 c - a potion of lignification {unknown}
 e - a potion of curing {unknown}
 i - a potion of resistance {unknown}


   Skills:
 + Level 4.2 Fighting
 + Level 3.8 Long Blades
 + Level 3.4 Dodging


You had 3 spell levels left.
You didn't know any spells.
Your spell library was empty.

Dungeon Overview and Level Annotations

Branches:
Dungeon (3/15)

Altars:

Shops:
D:2 =


Innate Abilities, Weirdness & Mutations

Your plain brown scales are hard. (AC +5)
You cannot fit into any form of body armour.
You are cold-blooded and may be slowed by cold attacks.


Message History

You hit the black bear.
The black bear is heavily wounded.
The black bear bites you. The black bear misses you.
The black bear closely misses you.
The black bear bites you but does no damage.
The black bear closely misses you. The black bear completely misses you.
You hit the black bear.
The black bear is heavily wounded.
The black bear bites you but does no damage.
The black bear barely misses you. x2
You hit the black bear.
The black bear is severely wounded.
The black bear bites you. The black bear misses you. The black bear claws you.
You hit the black bear.
The black bear is severely wounded.
The black bear goes berserk!
You hit the black bear. You tail-slap the black bear.
The black bear is almost dead.
The black bear barely misses you. The black bear claws you. x2
You hit the black bear but do no damage.
The black bear is almost dead.
The black bear bites you.
* * * LOW HITPOINT WARNING * * *
The black bear barely misses you. The black bear claws you.
* * * LOW HITPOINT WARNING * * *
The black bear misses you. The black bear claws you.
* * * LOW HITPOINT WARNING * * *
The black bear claws you but does no damage.
The black bear closely misses you.
You riposte.
You hit the black bear but do no damage.
The black bear is almost dead.
The black bear misses you. The black bear claws you.
* * * LOW HITPOINT WARNING * * *
It was a potion of degeneration.
There was something very wrong with that liquid.
You feel weakened.
You feel dopey.
You feel clumsy. The black bear bites you.
* * * LOW HITPOINT WARNING * * *
The black bear claws you.
You die...

..# ).. #.# ##### #.#
#.... #.# #.### #.# #.#
# #####.######.###
####.####..............#
#....?h@..###.######.###
#.##.#######...## #.##⌠
.. #.....# #.#.. #.#
##...## #.... # ##.##
###.. #.# ##⌠ #.# ## #+#
#


You could see a black bear (berserk).

Vanquished Creatures
  4 gnolls (D:2)
  An adder (D:3)
  A dart slug (D:1)
  A worm (D:2)
  7 endoplasms
  A giant cockroach (D:3)
  5 hobgoblins (D:1)
  2 kobolds (D:1)
  2 quokkas (D:1)
  8 ball pythons
  A bat (D:1)
  5 rats
38 creatures vanquished.

Vanquished Creatures (others)
  3 plants
3 creatures vanquished.

Grand Total: 41 creatures vanquished

Notes
Turn   | Place    | Note
-------+----------+-------------------------------------------
     0 | D:1      | Spaninq the Draconian Berserker began the quest for the
                  | Orb.
     0 | D:1      | Reached XP level 1. HP: 19/19 MP: 1/1
   208 | D:1      | Reached XP level 2. HP: 26/26 MP: 2/2
   992 | D:1      | Reached XP level 3. HP: 23/33 MP: 3/3
  1478 | D:2      | Found Wecwacs's Jewellery Shop.
  1672 | D:2      | Reached skill level 4 in Fighting
  1678 | D:2      | Reached ** piety under Trog
  1679 | D:2      | Reached XP level 4. HP: 21/40 MP: 4/4
  2180 | D:3      | Noticed a black bear
  2193 | D:3      | HP: 2/40 [black bear (1)]
  2193 | D:3      | Slain by a black bear

Illustrated notes

Levels and vault maps discovered:
D:1:      dpeg_arrival_renting, layout_basic, hangedman_decor_growths,
          minmay_shallow_snake_nest
D:2:      layout_basic, serial_shops, shop
D:3:      minmay_chambers_of_threes, layout_loops_corners, marbit_many_paths,
          serial_shops, nicolae_lakefront_shop, grunt_ministairs_7,
          guppyfry_early_lair_pool

Skill      XL: |  1  2  3 |
---------------+----------+-----
Dodging        | 3 |  3.4
Fighting       | 4 |  4.2
Long Blades    | |  3.8

Action                   |  1- 3 |  4- 6 || total
-------------------------+-------+-------++-------
Melee: Falchion          |    89 |    22 ||   111
       Tailslap          |    15 |     3 ||    18
  Use: Potion            |       |     1 ||     1
 Stab: Sleeping          |     1 |       ||     1
Armor: Skin              |    14 |     9 ||    23
Dodge: Dodged            |    61 |    23 ||    84
       Rpst.: Falchion   |     9 |     5 ||    14

Table legend: (Time is in decaauts)
 A = Elapsed time spent in this place.
 B = Non-inter-level travel time spent in this place.
 C = Inter-level travel time spent in this place.
 D = Time resting spent in this place.
 E = Time spent auto-exploring this place.
 F = Levels seen in this place.
 G = Mean time per level.
                   A        B        C        D        E       F      G
               +--------+--------+--------+--------+--------+-----+--------+
         Total |   2218 |   2190 |     28 |    495 |   1385 |   3 |  739.3 |
       Dungeon |   2218 |   2190 |     28 |    495 |   1385 |   3 |  739.3 |
               +--------+--------+--------+--------+--------+-----+--------+

Top non-repeatable levels by time:
     D:1: 1244 daAuts
     D:2: 903 daAuts
     D:3: 70 daAuts
